 Dungeon Crawl Stone Soup version 0.19-a0-1704-gbd66c22 (webtiles) character file.

47 TheGoonsmith the Sneak (level 3, 0/18 HPs)
             Began as a Vine Stalker Assassin on Sept 27, 2016.
             Succumbed to an adder's poison
             ... on level 2 of the Dungeon.
             The game lasted 00:01:42 (847 turns).

TheGoonsmith the Sneak (Vine Stalker Assassin)       Turns: 847, Time: 00:01:42

Health: 0/18       AC:  4    Str: 13    XL:     3   Next: 70%
Magic:  4/4        EV: 17    Int: 11    God:
Gold:   78         SH:  0    Dex: 21    Spells: 0 memorised, 2 levels left

rFire  . . .     SeeInvis .     a - +2 dagger
rCold  . . .     Gourm    .     c - +0 robe
rNeg   . . .     Faith    .     (no shield)
rPois  .         Spirit   +     (no helmet)
rElec  .         Dismiss  .     d - +0 cloak
rCorr  .         Reflect  .     (no gloves)
MR     .....     Harm     .     (no boots)
Stlth  ++++......               (no amulet)
                                (no ring)
                                (no ring)

@: agile, lethally poisoned (0 -> -12)
A: fangs 2, magic shield, antimagic bite, no device heal 3, rot immunity
a: no special abilities


You were on level 2 of the Dungeon.
You were not hungry.

You visited 1 branch of the dungeon, and saw 2 of its levels.

You collected 78 gold pieces.

Inventory:

Hand Weapons
 a - a +2 dagger (weapon)
 b - a +0 blowgun
Missiles
 e - 8 poisoned needles
 f - 9 curare-tipped needles
Armour
 c - a +0 robe (worn)
 d - a +0 cloak (worn)
Jewellery
 m - an uncursed amulet of magic regeneration {unknown}
Scrolls
 i - 2 scrolls of identify {unknown}
 k - a scroll of remove curse {unknown}
 n - a scroll of enchant armour {unknown}
 o - a scroll of noise {unknown}
Comestibles
 g - a bread ration
 h - a meat ration
 j - a royal jelly


   Skills:
 - Level 1.7 Fighting
 + Level 3.5 Short Blades
 - Level 1.7 Throwing
 - Level 0.7 Dodging
 - Level 4.8 Stealth


You had 2 spell levels left.
You didn't know any spells.

Dungeon Overview and Level Annotations

Branches:
Dungeon (2/15)

Altars:


Innate Abilities, Weirdness & Mutations

You have extremely sharp teeth.
When hurt, damage is shared between your health and your magic reserves.
Your bite disrupts and absorbs the magic of your enemies.
Potions and wands cannot restore your health.
You are immune to rotting.


Message History

You feel sick. The adder bites you.
* * * LOW HITPOINT WARNING * * *
You are more poisoned.
The adder poisons you!
You miss the adder. You bite the adder. You drain its power.
You feel invigorated.
You kill the adder!
* * * LOW HITPOINT WARNING * * *
You feel sick.
You open the door.
* * * LOW HITPOINT WARNING * * *
You feel sick.
* * * LOW HITPOINT WARNING * * *
You feel sick.
Found a scroll labeled KOVO SIZYIZYRCH and 15 gold pieces.
There is an open door here.
* * * LOW HITPOINT WARNING * * *
You feel sick.
Found a stone staircase leading down.
You die...

# #. . ##+# ####.#### ##.##.
##...## #####.......# ......
##.....###...........# #.#.##
##.......##...........#
##...<####.........#.##........#
.........+......@..'...........#
##....####.>..?....#.##........#
#.#.######.......##..†........#
#.#.....###....$###.###.##.####
#.#.....# ##...## #.# #># #
#.....).# ##+# #.###.##.#
###.....# #.# #.....^..#
#.....#####.# #####.####
###.........## ######.#


There were no monsters in sight!

Vanquished Creatures
  An adder (D:2)
  A worm (D:1)
  2 dart slugs (D:1)
  3 goblins (D:1)
  A hobgoblin (D:1)
  4 jackals (D:1)
  3 kobolds
  A ball python (D:1)
  4 bats (D:1)
  A frilled lizard (D:1)
  12 rats (D:1)
33 creatures vanquished.

Notes
Turn   | Place    | Note
-------+----------+-------------------------------------------
     0 | D:1      | TheGoonsmith the Vine Stalker Assassin began the quest for the Orb.
     0 | D:1      | Reached XP level 1. HP: 11/11 MP: 2/2
    37 | D:1      | Reached XP level 2. HP: 15/15 MP: 1/3
   470 | D:1      | Reached XP level 3. HP: 15/18 MP: 4/4
   847 | D:2      | Succumbed to an adder's poison

Vault maps used:
D:1:      wheals_arrival_shading, minmay_rat_gold_closets
D:2:      uniq_sigmund

Skill      XL: |  1  2 |
---------------+-------+-----
Short Blades   | 2 3 |  3.5
Fighting       | |  1.7
Throwing       | |  1.7
Dodging        | |  0.7
Stealth        | |  4.8

Action                   || total
-------------------------++-------
Melee: Dagger            ||    77
       Bite              ||    23
  Use: Potion            ||     1
 Stab: Sleeping          ||     9
Armor: Robe              ||    16
Dodge: Dodged            ||    31
